 Dungeon Crawl Stone Soup version 0.24-a0-194-g9bee6eb (webtiles) character file.

Game seed: 6835867472432605768

242 Ijustatesigmund the Magician (level 6, -1/58 HPs)
             Began as an Octopode Wizard on Mar 18, 2019.
             Slain by an orc priest
             ... wielding a +3 war axe of venom
              (6 damage)
             ... on level 3 of the Dungeon.
             The game lasted 00:08:10 (4172 turns).

Ijustatesigmund the Magician (Octopode Wizard)      Turns: 4172, Time: 00:08:11

Health: -1/58      AC:  2    Str: 11    XL:     6   Next: 9%
Magic:  10/10      EV: 13    Int: 21    God:
Gold:   164        SH:  0    Dex: 12    Spells: 5/11 levels left

rFire    . . .     SeeInvis .   i - +0 flail
rCold    . . .     Gourm    .   (no shield)
rNeg     . . .     Faith    .   a - +1 hat
rPois    .         Spirit   .   e - amulet of rage
rElec    .         Reflect  .   (no ring)
rCorr    .         Harm     .   (no ring)
MR       .....                  (no ring)
Stlth    ..........             (no ring)
HPRegen  0.19/turn              (no ring)
MPRegen  0.12/turn              (no ring)
                                (no ring)
                                (no ring)

@: berserking, lethally poisoned (-1 -> -33), very quick
A: almost no armour, stealthy swim, amphibious, 8 rings, constrict 8, camouflage
1, gelatinous body 1
a: Evoke Berserk Rage


You were on level 3 of the Dungeon.
You were hungry.

You visited 1 branch of the dungeon, and saw 4 of its levels.

You collected 164 gold pieces.

Inventory:

Hand Weapons
 i - a +0 flail (weapon)
Armour
 a - a +1 hat (worn)
Jewellery
 e - an amulet of rage (around mantle)
Scrolls
 j - 2 scrolls of remove curse
 k - a scroll of immolation
 l - a scroll of teleportation
Potions
 b - 2 potions of brilliance
 f - 2 potions of degeneration {unknown}
 g - a potion of agility
 h - a potion of cancellation
Comestibles
 c - 3 rations
 d - 3 chunks of flesh


   Skills:
 - Level 1.9 Fighting
 + Level 2.5 Maces & Flails
 - Level 2.0 Dodging
 - Level 2.6 Stealth
 - Level 3.0 Spellcasting
 + Level 2.7 Conjurations
   Level 1.0 Summonings
 + Level 2.4 Translocations
 + Level 2.5 Fire Magic


You had 5 spell levels left.
You knew the following spells:

 Your Spells              Type           Power        Failure   Level  Hunger
a - Magic Dart            Conj           ##..         4%          1    None
b - Blink                 Tloc           N/A          8%          2    ##.....
c - Conjure Flame         Conj/Fire      ##......     14%         3    ###....

Your spell library contained the following spells:

 Spells                   Type           Power        Failure   Level  Hunger
 Call Imp                 Summ           #.......     13%         2    ##.....
 Slow                     Hex            #.......     21%         2    ##.....
 Mephitic Cloud           Conj/Pois/Air  #.......     28%         3    ###....


Dungeon Overview and Level Annotations

Branches:
Dungeon (4/15)
 Temple: D:4-7

Altars:
Elyvilon
Sif Muna
Uskayaw
Yredelemnul
Zin
The Shining One


Innate Abilities, Weirdness & Mutations

You cannot wear most types of armour.
You are very stealthy in the water. (Stealth+)
You are amphibious.
You can wear up to eight rings at the same time.
You can use your tentacles to constrict eight enemies at once.
Your skin changes colour to match your surroundings (Stealth+).
Your rubbery body absorbs attacks. (AC +1, EV +1)


Message History

You climb upwards.
There is a stone staircase leading down here.
A red film seems to cover your vision as you go berserk!
You feel yourself moving faster!
You feel mighty!
You are feeling hungry.
The orc priest hits you with a +3 war axe of venom.
You are poisoned.
You hit the orc priest. Your grab misses the orc priest.
You squeeze the orc priest.
The orc priest is severely wounded.
You feel sick.
The orc priest hits you with a +3 war axe of venom!
* * * LOW HITPOINT WARNING * * *
You are more poisoned.
You completely miss the orc priest. Your grab misses the orc priest.
The orc priest is severely wounded.
* * * LOW HITPOINT WARNING * * *
You feel very sick.
The orc priest hits you with a +3 war axe of venom.
You die...

## #...............##.#.# #
#....#.##.#.###.##.#.# #
##.....##.### #.#....# #
#..#..##.# #....... # ##........#
##....... # ####### #......####
#........
###.....####......#######........
..'..............................
###.....####....@#########.♣♣._.♣
# #.....# #.....o.......###.♣♣♣♣
###.....# #####..######## ### #
..#.....# #..# #.# #
#.#.....###### #..# #.# #
#.......##...# #..##########.####
#######.##...# #..<..............
..#####.##...###..##########.####
..##..............# #.#


You could see an orc priest.

Vanquished Creatures
  2 orc wizards (D:3)
  A worker ant (D:3)
  Natasha (twice) (D:3)
  4 adders
  An ooze (D:1)
  An adder skeleton (D:3)
  4 dart slugs
  2 leopard geckos (D:2)
  9 orcs (D:3)
  3 giant cockroaches (D:1)
  7 goblins
  4 hobgoblins
  A quokka (D:2)
  4 bats
  A frilled lizard (D:1)
  A kobold (D:1)
  8 rats
55 creatures vanquished.

Notes
Turn   | Place    | Note
-------+----------+-------------------------------------------
     0 | D:1      | Ijustatesigmund the Octopode Wizard began the quest for the
                  | Orb.
     0 | D:1      | Reached XP level 1. HP: 11/11 MP: 4/4
   190 | D:1      | Reached skill level 1 in Fighting
   190 | D:1      | Reached XP level 2. HP: 12/18 MP: 1/6
   194 | D:1      | Learned a level 2 spell: Blink
   683 | D:1      | Reached XP level 3. HP: 23/23 MP: 1/7
   886 | D:1      | Learned a level 3 spell: Conjure Flame
  1315 | D:2      | Found a glowing golden altar of the Shining One.
  1719 | D:2      | Found a hide-covered altar of Uskayaw.
  1948 | D:2      | Reached XP level 4. HP: 29/29 MP: 3/8
  2205 | D:2      | Found a basalt altar of Yredelemnul.
  2206 | D:2      | Found a deep blue altar of Sif Muna.
  2344 | D:2      | Found a white marble altar of Elyvilon.
  2576 | D:3      | Reached skill level 1 in Maces & Flails
  2576 | D:3      | Reached skill level 1 in Fire Magic
  2856 | D:3      | Noticed Natasha
  2863 | D:3      | Killed Natasha
  2863 | D:3      | Reached XP level 5. HP: 19/34 MP: 1/9
  3117 | D:3      | Found a faded altar of an unknown god.
  3677 | D:3      | Found a glowing silver altar of Zin.
  3759 | D:3      | Noticed Natasha
  3768 | D:3      | Killed Natasha
  4061 | D:3      | Reached XP level 6. HP: 25/39 MP: 1/10
  4172 | D:3      | Slain by an orc priest

Levels and vault maps discovered:
D:1:      dpeg_arrival_radiant, layout_loops_ring
D:2:      layout_basic, tso_metal_star, grunt_temple_overflow_open, minivault_27
D:3:      layout_basic, zin_academy, chequers_ecumenical_altar_simple,
          uniq_natasha
D:4:      layout_basic, first_ration, tgw_sif, uniq_sigmund

Skill      XL: |  1  2  3  4  5 |
---------------+----------------+-----
Fighting       | 1 |  1.9
Conjurations   | 2 |  2.7
Maces & Flails | 1 2 |  2.5
Fire Magic     | 1 2 |  2.5
Translocations | 2 |  2.4
Dodging        | |  2.0
Stealth        | |  2.6
Spellcasting   | |  3.0
Summonings     | |  1.0

Action                   |  1- 3 |  4- 6 || total
-------------------------+-------+-------++-------
Melee: Club              |    17 |       ||    17
       Constrict         |     2 |    12 ||    14
       Tentacles         |     2 |     8 ||    10
       Dagger            |     1 |       ||     1
       Flail             |       |    38 ||    38
 Cast: Magic Dart        |    60 |    48 ||   108
 Abil: Evoke Berserk Rag |     1 |     1 ||     2
  Use: Scroll            |     5 |     5 ||    10
       Potion            |       |     2 ||     2
 Stab: Distracted        |     1 |       ||     1
       Sleeping          |     2 |     2 ||     4
  Eat: Chunk             |     3 |     8 ||    11
Armor: Skin              |     2 |     3 ||     5
Dodge: Dodged            |    14 |    35 ||    49

Table legend:
 A = Non-vault XP
 B = Vault XP
 C = Vault XP percentage of total XP
 D = Non-vault monster count
 E = Vault monster count
 F = Vault count percentage of total count
                 A         B        C        D         E       F
            +---------+---------+-------+---------+---------+-------
      Total |     312 |      35 |  10.1 |      54 |       1 |   1.8
            +---------+---------+-------+---------+---------+-------
        D:1 |      41 |       0 |   0.0 |      20 |       0 |   0.0
        D:2 |      67 |       0 |   0.0 |      16 |       0 |   0.0
        D:3 |     204 |      35 |  14.6 |      18 |       1 |   5.3
            +---------+---------+-------+---------+---------+-------
